 Dungeon Crawl Stone Soup version 0.21.1-1-g345015fe64 (webtiles) character file.

12589022 AAA992 the Conqueror (level 27, 199/199 HPs)
             Began as a Gargoyle Fighter on July 16, 2018.
             Was the Champion of the Shining One.
             Escaped with the Orb
             ... and 15 runes!
             The game lasted 05:01:56 (129828 turns).

AAA992 the Conqueror (Gargoyle Fighter)           Turns: 129828, Time: 05:01:57

Health: 199/199    AC: 78    Str: 41    XL:     27
Magic:  49/49      EV: 41    Int: 18    God:    the Shining One [******]
Gold:   9983       SH: 50    Dex: 26    Spells: 52/70 levels left

rFire    + + +     SeeInvis +   H - +9 eveningstar (holy)
rCold    + + .     Gourm    .   S - +10 large shield of Ignorance {rN+ Int-4}
rNeg     + + +     Faith    .   y - +12 gold dragon scales
rPois    ∞         Spirit   .   t - +2 hat {SInv}
rElec    +         Reflect  +   B - +1 cloak of Starlight {rElec rC+ EV+4 Stlth--}
rCorr    +         Harm     .   M - +2 pair of gloves "Quhicutt" {rElec Dex+4 Slay+3}
MR       ++++.                  P - +3 pair of boots of the Undertaker {Str+10}
Stlth    ..........             U - amulet of Fageapiam {Reflect *Contam Int+3 Dex+6 SH+5}
HPRegen  0.43/turn              Y - ring "Biociepu" {+Fly rF+++ rC- Slay+2}
MPRegen  0.31/turn              R - ring of Engusig {rN++ MR+ Int+3 Stlth-}

@: brilliant, agile, resistant, flying, hasted, glowing, very quick
A: big wings, large bone plates 1, thin metallic scales 1, yellow scales 1,
agile 1, magic resistance 1, mutation resistance 1, negative energy resistance
1, electricity resistance, unbreathing, petrification resistance, rot immunity,
AC +20
0: Orb of Zot
}: 15/15 runes: serpentine, barnacled, slimy, silver, golden, iron, obsidian,
icy, bone, abyssal, demonic, glowing, magical, fiery, dark
a: Stop Flying, Divine Shield, Cleansing Flame, Summon Divine Warrior, Renounce
Religion


You escaped.
You worshipped the Shining One.
The Shining One was exalted by your worship.
You were very full.

You visited 18 branches of the dungeon, and saw 90 of its levels.
You visited Pandemonium 1 time, and saw 29 of its levels.
You visited the Abyss 4 times.
You visited 1 ziggurat, and saw 16 of its levels.
You also visited: Sewer, Ossuary, Bailey and Wizlab.

You collected 17834 gold pieces.
You spent 3391 gold pieces at shops.
You donated 4460 gold pieces to Zin.

Inventory:

Hand Weapons
 H - a +9 eveningstar of holy wrath (weapon)
Armour
 t - a +2 hat of see invisible (worn)
 y - +12 gold dragon scales (worn)
 B - the +1 cloak of Starlight (worn) {rElec rC+ EV+4 Stlth--}
   (You found it on level 7 of the Iron City of Dis)

   It affects your evasion (+4).
   It protects you from cold.
   It insulates you from electricity.
   It makes you much less stealthy.
 M - the +2 pair of gloves "Quhicutt" (worn) {rElec Dex+4 Slay+3}
   (Okawaru gifted it to you on level 13 of the Dungeon)

   It affects your dexterity (+4).
   It affects your accuracy and damage with ranged weapons and melee attacks
   (+3).
   It insulates you from electricity.
 P - the +3 pair of boots of the Undertaker (worn) {Str+10}
   (Okawaru gifted it to you on level 3 of the Vaults)

   It affects your strength (+10).
 S - the +10 large shield of Ignorance (worn) {rN+ Int-4}
   (You found it on level 5 of the Vaults)

   It affects your intelligence (-4).
   It protects you from negative energy.
Jewellery
 R - the ring of Engusig (right hand) {rN++ MR+ Int+3 Stlth-}
   (You found it on level 10 of a ziggurat)

   [ring of protection from magic]

   It affects your intelligence (+3).
   It greatly protects you from negative energy.
   It affects your resistance to hostile enchantments.
   It makes you less stealthy.
 U - the amulet of Fageapiam (around neck) {Reflect *Contam Int+3 Dex+6 SH+5}
   (You found it on level 7 of Tartarus)

   [amulet of reflection]

   It shields you and reflects attacks.
   It affects your intelligence (+3).
   It affects your dexterity (+6).
   It causes magical contamination when unequipped.
   It affects your SH (+5).
 Y - the ring "Biociepu" (left hand) {+Fly rF+++ rC- Slay+2}
   (You took it off a rakshasa on level 2 of the Depths)

   [ring of flight]

   It affects your accuracy and damage with ranged weapons and melee attacks
   (+2).
   It renders you almost immune to fire.
   It makes you vulnerable to cold.
   It lets you fly.
Scrolls
 c - 2 scrolls of magic mapping
 e - 13 scrolls of identify
 j - 6 scrolls of blinking
 k - 8 scrolls of fear
 m - a scroll of holy word
 o - 13 scrolls of amnesia
 p - 51 scrolls of remove curse
 q - 3 scrolls of summoning
 u - 15 scrolls of enchant weapon
 w - 4 scrolls of brand weapon
 A - 8 scrolls of teleportation
 D - 9 scrolls of fog
 E - 11 scrolls of immolation
 I - 3 scrolls of silence
 V - a scroll of enchant armour
Potions
 i - 6 potions of brilliance
 l - 2 potions of cancellation
 n - 7 potions of curing
 s - 5 potions of agility
 z - 11 potions of ambrosia
 C - 4 potions of invisibility
 G - 4 potions of resistance
 L - 2 potions of berserk rage
 Q - 22 potions of mutation
 W - a potion of might
Books
 d - the Compendium of Entrancing Orientation
   (You found it on level 12 of a ziggurat)

   Spells                             Type                      Level
   a - Apportation                    Translocation                1
   b - Shroud of Golubria             Charms/Translocation         2
   c - Tukima's Dance                 Hexes                        3
   d - Lesser Beckoning               Translocation                3
   e - Metabolic Englaciation         Hexes/Ice                    5
   f - Invisibility                   Hexes                        6
 J - the Handbook of Quantum Creation
   (You found it on level 7 of Gehenna)

   Spells                             Type                      Level
   a - Gell's Gravitas                Translocation                3
   b - Summon Ice Beast               Ice/Summoning                4
   c - Summon Mana Viper              Hexes/Summoning              5
   d - Controlled Blink               Translocation                8
 O - Qulain's Collected Works on Supportive Dislocation
   (You found it on level 5 of a ziggurat)

   Spells                             Type                      Level
   a - Force Lance                    Conjuration/Translocation    4
   b - Summon Mana Viper              Hexes/Summoning              5
   c - Aura of Abjuration             Summoning                    5
   d - Summon Forest                  Summoning/Translocation      5
Miscellaneous
 Z - a figurine of a ziggurat
Comestibles
 f - 24 rations


   Skills:
 O Level 27 Fighting
 - Level 20.8 Maces & Flails
 - Level 16.0 Throwing
 O Level 27 Armour
 O Level 27 Dodging
 O Level 27 Shields
 + Level 22.1 Spellcasting
 + Level 25.6 Translocations
 O Level 27 Invocations


You had 52 spell levels left.
You knew the following spells:

 Your Spells              Type           Power        Failure   Level  Hunger
a - Apportation           Tloc           ######       0%          1    None
b - Blink                 Tloc           N/A          0%          2    None
c - Teleport Other        Tloc           #######.     0%          3    None
d - Controlled Blink      Tloc           N/A          1%          8    #######
e - Shroud of Golubria    Chrm/Tloc      ######....   1%          2    None
f - Swiftness             Chrm/Air       ####....     1%          2    None


Dungeon Overview and Level Annotations

Branches:
Dungeon (15/15)            Temple (1/1) D:4            Lair (6/6) D:10
 Shoals (4/4) Lair:3        Snake (4/4) Lair:3        Slime (5/5) Lair:5
    Orc (2/2) D:11            Elf (3/3) Orc:2        Vaults (5/5) D:14
  Crypt (3/3) Vaults:3       Tomb (3/3) Crypt:3      Depths (5/5) D:15
   Hell (1/1)                 Dis (7/7) Hell            Geh (7/7) Hell
    Coc (7/7) Hell            Tar (7/7) Hell            Zot (5/5) Depths:5

Altars:
Ashenzari
Cheibriados
Dithmenos
Elyvilon
Fedhas
Gozag
Hepliaklqana
Kikubaaqudgha
Makhleb
Nemelex Xobeh
Okawaru
Qazlal
Ru
Sif Muna
Trog
Uskayaw
Vehumet
Wu Jian
Xom
Yredelemnul
Zin
The Shining One
Beogh
Jiyva
Lugonu

Shops:
D:5 (   D:8 (   D:15 :   Orc:2 ([%(   Elf:3 :   Shoals:1 :[   Shoals:2 :
Snake:2 }=   Vaults:3 =   Depths:3 *   Depths:5 *

Portals:
Hell: Depths:1 Depths:2 Depths:3 Depths:4 Depths:5
Abyss: Depths:1 Depths:4 Depths:5
Pandemonium: Depths:3
Trove: Depths:4 (give 17 potions of curing)


Innate Abilities, Weirdness & Mutations

You are resistant to torment.
Your stone body is resilient. (AC +20)
You are immune to poison.
Your large and strong wings let you fly indefinitely.
You resist negative energy. (rN+)
You are resistant to electric shocks. (rElec)
You can survive without breathing.
You are immune to petrification.
You are immune to rotting.
You are partially covered in large bone plates. (SH +4)
You are partially covered in thin metallic scales. (AC +2)
You are partially covered in yellow scales. (AC +2)
You are agile. (Dex +2)
You are resistant to hostile enchantments. (MR+)
You are somewhat resistant to further mutation.


Message History

Okay, then.
You feel yourself speed up.
You hear a grinding noise.
There is an open door here.
There is an open door here.
There is a staircase leading out of the dungeon here.
Quiver which item? (- for none, * to show all) (? for menu, Esc to quit)
Okay, then.
You feel clever all of a sudden.
You feel agile all of a sudden.
You feel protected.
Your magic is already full.
Okay, then.
Casting: Controlled Blink
Confirm with . or Enter, or press ? or * to list all spells.
You blink.
There is an open door here.
Magic courses through your body.
There is a staircase leading out of the dungeon here.
You have escaped!

.....##'#####..# #.#
.....#.....##..####.#
.....#.....###>.(...#
.....#.....# #####.##
...###.....# #.##
...# #.....# #..#
...# #.....# ###.#
...# #.....# ♣♣8#.#
...####'#### ♣@.'.#
))......# ♣♣8###
........##### ###
............#
............#
#####.......#
#.......# ###
#.......# #.#####
#.......# #......


There were no monsters in sight!

Vanquished Creatures
  Cerebov (Pan)
  Antaeus (Coc:7)
  Asmodeus (Geh:7)
  the Royal Jelly (Slime:5)
  Ereshkigal (Tar:7)
  Gloorx Vloq (Pan)
  the Serpent of Hell (Coc:7)
  Dispater (Dis:7)
  Lom Lobon (Pan)
  Mnoleg (Pan)
  8 orbs of fire (Zot:5)
  Mara (Vaults:3)
  Khufu (Tomb:3)
  6 juggernauts
  8 ancient liches
  The ghost of Artool the Skullcrusher, a legendary DsBe of Hepliaklqana (Coc:7)
  Sojobo (Tomb:3)
  27 greater mummies
  The ghost of cokecookie the Sorcerer, a veteran DEWz of Vehumet (Slime:4)
  9 shard shrikes
  Frederick (Depths:3)
  Margery (Vaults:2)
  8 pandemonium lords
  Vashnia (Snake:2)
  Geryon (Hell)
  2 curse toes
  5 Killer Klowns
  Nikola (Snake:2)
  13 golden dragons
  2 profane servitors
  A mutant beast (WizLab)
  8 doom hounds
  19 bone dragons
  3 electric golems
  24 Tzitzimimeh
  16 Hell Sentinels
  Jorgrun (Vaults:5)
  18 tentacled monstrosities
  35 Brimstone Fiends
  3 hellephants
  16 Ice Fiends
  Asterion (Elf:2)
  10 iron giants
  24 liches
  10 deep elf blademasters
  26 Orb Guardians
  8 quicksilver dragons
  11 titans
  2 deep elf master archers
  15 sphinxes
  27 acid blobs
  19 ancient champions
  4 eldritch tentacles
  2 krakens
  34 tentacled starspawn
  28 Executioners
  Agnes (Snake:2)
  2 death cobs
  15 shadow dragons
  Frances (D:14)
  Roxanne (Elf:3)
  12 tengu reavers
  19 storm dragons
  Ilsuiw (Shoals:4)
  A daeva (Zig:12)
  Donald (Elf:2)
  8 draconian monks
  12 revenants
  9 azure jellies
  6 nagarajas (Snake:4)
  9 iron dragons
  2 orc warlords
  8 draconian scorchers
  Aizul (Snake:4)
  25 fire giants
  39 balrugs
  38 frost giants
  12 warmongers (Pan)
  4 ghost moths
  8 deep elf sorcerers
  11 black suns
  9 vault wardens
  6 deep elf elementalists
  10 draconian knights
  8 draconian shifters
  71 reapers
  2 spectral caustic shrikes (Zig:9)
  3 curse skulls
  34 cacodemons
  2 ophanim (Abyss:1)
  2 angels
  2 spriggan defenders (Depths:4)
  3 elemental wellsprings
  13 ghouls
  15 war gargoyles
  17 ironheart preservers
  6 draconian stormcallers
  A juggernaut skeleton (Depths:2)
  34 very ugly things
  13 draconian annihilators
  7 blood saints (Pan)
  24 stone giants
  7 vampire knights
  16 green draconians
  5 entropy weavers
  13 deep elf demonologists
  8 bennus
  15 lorocyprocas
  96 slime creatures
  Nessos (D:14)
  26 black draconians
  19 deep elf annihilators
  4 corrupters
  16 white draconians
  12 red draconians
  4 spark wasps
  A dire elephant (shapeshifter) (Zig:16)
  21 yellow draconians
  A dire elephant (Zig:2)
  23 purple draconians
  7 eidola
  16 ettins
  33 blizzard demons
  11 merfolk javelineers
  23 mummy priests
  18 merfolk impalers
  3 death oozes
  16 deep elf death magi
  18 green deaths
  15 quicksilver dragon zombies
  6 fire dragons
  12 jiangshi
  25 yaktaur captains
  8 deep elf high priests
  17 great orbs of eyes
  17 rakshasas
  11 ogre magi
  4 monstrous demonspawn
  8 quicksilver dragon skeletons
  9 hydras
  21 naga warriors
  A hell beast (Pan)
  31 vault guards
  A kraken zombie (Coc:6)
  A catoblepas (D:13)
  8 centaur warriors
  27 ice dragons
  2 death knights
  5 spriggan air magi
  An ice dragon (shapeshifter) (Vaults:2)
  4 ghost crabs (Zig:13)
  17 anacondas
  36 two-headed ogres
  6 merfolk aquamancers
  The ghost of Htamos the Covert, a journeyman OpWz of Sif Muna (Lair:2)
  3 alligator snapping turtles
  2 merfolk avatars
  10 death yaks (Lair:4)
  2 deep troll shamans (Depths:3)
  6 deep troll earth magi
  A death yak (shapeshifter) (Depths:2)
  A satyr (Shoals:3)
  8 titan zombies
  15 tengu warriors
  2 alligators (Zig:13)
  13 vampire magi
  38 hell hogs
  2 spriggan berserkers (Depths:2)
  18 naga sharpshooters
  32 thrashing horrors
  32 dancing weapons
  13 shock serpents
  Urug (D:14)
  3 orc high priests
  50 death scarabs
  A spriggan (Depths:4)
  46 soul eaters
  5 iron golems
  A shock serpent (shapeshifter) (Zig:10)
  129 skeletal warriors
  3 fire crabs (shapeshifter)
  3 salamander mystics
  23 shadow wraiths
  8 titan skeletons
  6 storm dragon zombies
  69 sun demons
  41 sixfirhies
  36 deep elf knights
  11 spatial maelstroms
  13 anaconda zombies
  14 deep trolls
  26 wretched stars
  10 sea snakes
  6 storm dragon skeletons
  60 hell knights
  5 ghost moth zombies
  A glowing orange brain (shapeshifter) (D:15)
  An unseen horror (shapeshifter) (WizLab)
  13 flayed ghosts
  5 golden dragon zombies
  12 gelid demonspawn (Pan)
  9 torturous demonspawn (Pan)
  12 unseen horrors
  3 swamp dragons (Zig:13)
  12 infernal demonspawn (Pan)
  3 death drakes
  28 deep elf archers
  13 glowing orange brains
  7 golden dragon skeletons
  6 anaconda skeletons
  A shambling mangrove (Zig:13)
  A sea snake (shapeshifter) (Depths:3)
  15 ironbrand convokers
  8 shadow dragon zombies
  5 wolf spider zombies
  21 shadow demons
  3 orange crystal statues
  11 naga ritualists
  19 harpies
  A swamp dragon (shapeshifter) (WizLab)
  18 phantasmal warriors
  13 wizards
  A lindwurm (shapeshifter) (WizLab)
  2 harpies (shapeshifter) (WizLab)
  A shining eye (shapeshifter) (Vaults:4)
  9 frost giant zombies
  2 orb spiders (shapeshifter)
  6 wolf spiders
  110 deep elf magi
  22 necromancers
  102 ugly things
  14 mana vipers
  8 orc sorcerers
  8 fire giant zombies
  9 stone giant zombies
  5 shining eyes
  2 mana vipers (shapeshifter)
  19 orc knights
  4 oklob plants
  17 fauns
  2 tengu skeletons
  2 lindwurms (Lair:6)
  3 shadow dragon skeletons
  19 manticores
  3 iron dragon zombies
  16 salamanders
  12 iron dragon skeletons
  A manticore (shapeshifter) (Depths:2)
  A sphinx skeleton (Zig:15)
  9 worldbinders (Abyss:1)
  6 dire elephant zombies
  2 ice statues (Hell)
  12 elephants
  A moth of wrath (shapeshifter) (WizLab)
  9 merfolk sirens
  12 vault sentinels
  79 rust devils
  23 eyes of devastation
  10 cyclopes
  5 shock serpent zombies
  11 guardian serpents
  A black mamba (shapeshifter) (WizLab)
  An elephant (shapeshifter) (Vaults:5)
  4 fire giant skeletons
  5 torpor snails (Lair:6)
  5 apocalypse crabs
  29 naga magi
  5 centaur zombies
  7 water nymphs
  4 frost giant skeletons
  2 gargoyles
  4 stone giant skeletons
  4 titan simulacra
  44 orange demons
  60 smoke demons
  A torpor snail (shapeshifter) (WizLab)
  26 moths of wrath
  Psyche (D:8)
  60 black mambas
  3 rime drakes
  A shock serpent skeleton (Tar:6)
  12 molten gargoyles (Geh:7)
  2 storm dragon simulacra
  5 dire elephant skeletons
  2 spiny frogs (shapeshifter)
  36 yaktaurs
  22 efreet
  15 spiny frogs
  2 rime drakes (shapeshifter) (WizLab)
  2 catoblepas zombies
  34 freezing wraiths
  A swamp worm zombie (Crypt:2)
  4 emperor scorpion zombies
  52 ice devils
  33 hellions
  50 tormentors
  36 hellwings
  5 kobold demonologists
  2 komodo dragons (shapeshifter) (WizLab)
  5 komodo dragons
  24 ancient zymes
  16 demonic crawlers
  48 guardian mummies
  2 elves (WizLab)
  5 harpy zombies
  10 tengu conjurers
  3 yaktaurs (shapeshifter)
  2 silent spectres
  2 catoblepas skeletons
  3 jumping spiders
  A troll (shapeshifter) (Depths:2)
  63 red devils
  A queen bee (D:14)
  12 trolls
  5 anaconda simulacra
  A polar bear (Lair:4)
  A meliai (shapeshifter) (WizLab)
  5 harpy skeletons
  54 merfolk
  9 wind drakes
  3 meliai (D:14)
  3 tyrant leeches (Lair:6)
  3 hornets (shapeshifter)
  A wolf spider simulacrum (Coc:7)
  15 hydra zombies
  13 hornets
  3 spriggan zombies
  10 hydra skeletons
  7 snapping turtles
  5 bog bodies
  44 raiju
  2 fire giant simulacra
  A snapping turtle (shapeshifter) (Depths:2)
  10 ice dragon zombies
  6 ettin zombies
  11 blink frogs (Lair:2)
  A hippogriff (shapeshifter) (WizLab)
  A dream sheep (shapeshifter) (D:14)
  A slime creature (shapeshifter) (Elf:1)
  8 alligator zombies
  17 hippogriffs
  6 dream sheep (Lair:4)
  13 ice dragon skeletons
  A meliai zombie (D:15)
  10 ettin skeletons
  3 black mamba zombies
  7 fire dragon zombies
  24 ushabtiu
  Sigmund (D:3)
  127 flying skulls
  A tarantella (shapeshifter) (Vaults:2)
  2 spriggans (shapeshifter)
  3 air elementals
  6 vampires
  36 ynoxinuls
  A redback (shapeshifter) (WizLab)
  23 shadows
  4 tarantellas
  4 alligator skeletons
  49 yaks
  5 fire dragon skeletons
  16 redbacks
  A wyvern (shapeshifter) (WizLab)
  18 wyverns
  A hog (shapeshifter) (Vaults:2)
  2 fire bats (Abyss:1)
  32 water elementals
  A fire bat (shapeshifter) (WizLab)
  45 fire elementals
  20 humans
  A black mamba skeleton (Geh:1)
  11 hungry ghosts
  2 golden eyes (shapeshifter) (WizLab)
  23 golden eyes
  2 basilisks
  45 wraiths
  34 chaos spawn
  41 neqoxecs
  3 humans (shapeshifter)
  2 steam dragons
  7 wargs
  12 spatial vortices
  Menkaure (D:7)
  A swamp worm (shapeshifter) (Vaults:5)
  A glowing shapeshifter zombie (Crypt:2)
  45 nagas
  A naga (shapeshifter) (WizLab)
  A monstrous demonspawn zombie (Crypt:1)
  10 spiny frog zombies
  105 hell hounds
  2 acid dragons
  11 insubstantial wisps
  3 hydra simulacra
  120 large abominations
  25 water moccasins
  4 floating eyes (WizLab)
  5 spiny frog skeletons
  A torturous demonspawn skeleton (Crypt:1)
  2 merfolk skeletons
  8 porcupines
  9 sky beasts
  An alligator simulacrum (Hell)
  3 black bears
  60 orc warriors
  5 black bears (shapeshifter)
  A fire dragon simulacrum (Hell)
  12 ice beasts
  141 starcursed masses
  4 swamp dragon zombies
  9 eyes of draining
  An eye of draining (shapeshifter) (WizLab)
  4 manticore zombies
  26 necrophages
  5 snapping turtle zombies
  6 phantoms
  3 snapping turtle skeletons
  A lindwurm zombie (Crypt:1)
  31 ogres
  A wolf (shapeshifter) (Vaults:5)
  12 wolves
  15 boggarts
  3 swamp dragon skeletons
  16 centaurs
  14 crocodiles
  8 big kobolds
  21 bullfrogs
  An elf zombie (Crypt:3)
  A fire crab zombie (Crypt:3)
  8 gnoll sergeants (Bailey)
  2 elf skeletons
  3 earth elementals
  2 spiny frog simulacra
  73 small abominations
  3 scorpions
  A queen bee zombie (Crypt:1)
  An elf simulacrum (Vaults:1)
  A manticore simulacrum (Crypt:1)
  A troll zombie (Geh:4)
  22 killer bees
  3 troll skeletons
  108 wights
  2 electric eels (D:14)
  A spriggan skeleton (Pan)
  2 bullfrog zombies
  20 crimson imps
  A lava snake (D:10)
  13 quasits
  2 soldier ant zombies
  9 hounds
  A human zombie (Tar:6)
  28 iron imps
  9 jellies
  34 orc priests
  28 orc wizards
  A bullfrog skeleton (Crypt:1)
  8 gnoll shamans
  6 centaur skeletons
  3 iguanas
  Terence (D:3)
  3 human skeletons
  An iguana (shapeshifter) (WizLab)
  A demonspawn skeleton (Crypt:3)
  A porcupine skeleton (Crypt:3)
  7 worker ants
  An ogre zombie (Coc:7)
  4 big kobold zombies (Ossuary)
  3 hound zombies
  2 hound skeletons
  69 mummies
  3 worker ant zombies
  A howler monkey zombie (Crypt:3)
  Robin (D:3)
  22 gnolls
  2 river rats (Sewer)
  11 adders
  14 shadow imps
  34 white imps
  13 ufetubi
  5 oozes (D:9)
  An adder skeleton (D:5)
  An iguana skeleton (Crypt:1)
  4 worms
  3 dart slugs
  6 leopard geckos
  115 orcs
  5 ball pythons
  5 giant cockroaches
  4 gnoll zombies (Ossuary)
  23 goblins
  3 hobgoblins
  11 jackals
  4 quokkas
  10 bats
  2 frilled lizards
  4 goblin zombies
  A jackal skeleton (D:4)
  24 kobolds
  An orc skeleton (Tar:6)
  4 orc zombies
  3 quokka skeletons (D:4)
  12 rats
  A river rat skeleton (Crypt:1)
  11 crawling corpses
  3 fire vortices (Pan)
  A fungus (Depths:1)
  A lurking horror (Abyss:5)
  4 pillars of salt
  9 plants
  39 starspawn tentacles
  5 tentacles
6655 creatures vanquished.

Vanquished Creatures (collateral kills)
  5 acid blobs
  2 death oozes (Slime:5)
  7 slime creatures (Slime:5)
  3 golden eyes (Slime:2)
17 creatures vanquished.

Vanquished Creatures (others)
  A deep elf blademaster (Crypt:3)
  6 deep elf master archers
  2 eldritch tentacles
  A stone giant (Vaults:4)
  2 bennus (Tomb:2)
  A deep elf demonologist (Vaults:2)
  A deep elf death mage (Zig:9)
  A merfolk javelineer (Zig:14)
  A great orb of eyes (Slime:5)
  A dancing weapon (Elf:2)
  6 death scarabs (Tomb:2)
  2 merfolk aquamancers
  2 hell hogs
  A wretched star (Zig:3)
  2 deep elf knights
  A sixfirhy (Pan)
  A glowing orange brain (Depths:4)
  9 deep elf archers
  2 wizards
  4 deep elf magi
  A salamander (Snake:2)
  A rust devil (Dis:5)
  A black mamba (Snake:3)
  3 spiny frogs (Zig:13)
  A smoke demon (Zig:3)
  A demonic crawler (Hell)
  7 yaktaurs
  A red devil (Dis:1)
  2 guardian mummies (Tomb:1)
  A merfolk (Zig:14)
  A hydra skeleton (Geh:4)
  A slime creature (Slime:5)
  13 flying skulls
  A water elemental (Zig:14)
  A redback (Vaults:2)
  A wraith (Dis:1)
  A shadow (Geh:1)
  A fire elemental (Geh:4)
  A golden eye (shapeshifter) (Abyss:1)
  2 golden eyes
  A neqoxec (Pan)
  2 nagas (Snake:4)
  A hell hound (Geh:7)
  2 swamp drakes (Zig:13)
  A merfolk skeleton (Geh:6)
  An eye of draining (Abyss:1)
  A snapping turtle zombie (Geh:3)
  2 boggarts
  A spriggan skeleton (Geh:4)
  2 wights
  3 mummies (Tomb:2)
  A shadow imp (Tar:7)
  An orc (D:10)
  A goblin (D:1)
  2 bushes (Lair:2)
  22 fungi
  2 lurking horrors (Abyss:1)
  13 pillars of salt
  48 plants
  65 starspawn tentacles
  12 tentacles
273 creatures vanquished.

Grand Total: 6945 creatures vanquished

Notes
Turn   | Place    | Note
-------+----------+-------------------------------------------
     0 | D:1      | AAA992 the Gargoyle Fighter began the quest for the Orb.
     0 | D:1      | Reached XP level 1. HP: 14/14 MP: 1/1
   371 | D:1      | Reached XP level 2. HP: 19/19 MP: 2/2
  1509 | D:2      | Reached XP level 3. HP: 23/24 MP: 3/3
  2324 | D:3      | Reached XP level 4. HP: 29/29 MP: 4/4
  2340 | D:3      | Noticed Sigmund
  2354 | D:3      | Killed Sigmund
  2354 | D:3      | Reached XP level 5. HP: 20/34 MP: 5/5
  2551 | D:3      | Noticed Robin
  2571 | D:3      | Reached XP level 6. HP: 40/40 MP: 6/6
  2584 | D:3      | Killed Robin
  2646 | D:3      | Noticed Terence
  2658 | D:3      | Reached skill level 5 in Fighting
  2658 | D:3      | Reached skill level 5 in Shields
  2674 | D:3      | Killed Terence
  3173 | D:4      | Found a white marble altar of Elyvilon.
  3351 | D:4      | Reached XP level 7. HP: 41/44 MP: 7/7
  3362 | D:4      | Found a bloodstained altar of Trog.
  3719 | D:4      | Found a bloodstained altar of Trog.
  3720 | D:4      | Noticed a wizard
  3725 | D:4      | Killed a wizard
  3829 | D:4      | Found a blossoming altar of Fedhas.
  3832 | D:4      | Found a glowing golden altar of the Shining One.
  3835 | D:4      | Found a shadowy altar of Dithmenos.
  3942 | D:4      | Found a staircase to the Ecumenical Temple.
  4062 | Temple   | Entered the Ecumenical Temple
  4417 | D:4      | Found an ancient bone altar of Kikubaaqudgha.
  4418 | D:4      | Found a deep blue altar of Sif Muna.
  4476 | D:5      | Entered Level 5 of the Dungeon
  4495 | D:5      | Reached skill level 5 in Maces & Flails
  4536 | D:5      | Found a glowing drain.
  4540 | Sewer    | Entered a sewer
  4772 | Sewer    | Found a white marble altar of Elyvilon.
  4875 | D:5      | Found a sand-covered staircase.
  4883 | Ossuary  | Entered an ossuary
  4930 | Ossuary  | Reached XP level 8. HP: 46/52 MP: 8/8
  5285 | D:5      | Found Defyrucku's Weapon Emporium.
  5835 | D:5      | Found an iron altar of Okawaru.
  6555 | D:6      | Found a hide-covered altar of Uskayaw.
  6557 | D:6      | Found a sacrificial altar of Ru.
  6557 | D:6      | Found an opulent altar of Gozag.
  6569 | D:6      | Found an opulent altar of Gozag.
  6569 | D:6      | Found a shimmering altar of Xom.
  6569 | D:6      | Found a basalt altar of Yredelemnul.
  6855 | D:5      | Became a worshipper of Warmaster Okawaru
  6994 | D:7      | Reached XP level 9. HP: 54/59 MP: 9/9
  7106 | D:7      | Noticed Menkaure
  7126 | D:7      | Killed Menkaure
  7126 | D:7      | Reached * piety under Okawaru
  7258 | D:7      | Found a hazy altar of Hepliaklqana.
  7563 | D:7      | Found a snail-covered altar of Cheibriados.
  8183 | D:8      | Noticed a two-headed ogre
  8193 | D:8      | Killed a two-headed ogre
  8193 | D:8      | Reached ** piety under Okawaru
  8193 | D:8      | Reached XP level 10. HP: 54/67 MP: 10/10
  8272 | D:8      | Found an ornate altar of the Wu Jian Council.
  8364 | D:8      | Noticed Psyche
  8382 | D:8      | Killed Psyche
  8393 | D:8      | Found Yjey's Antique Weapon Boutique.
  8476 | D:8      | Got a shimmering turquoise ring
  8596 | D:8      | Identified the ring "Ishrux" {Ice rElec rN+ Dex+5} (You found it on level 8 of the Dungeon)
  8626 | D:9      | Noticed a two-headed ogre
  8648 | D:8      | Killed a two-headed ogre
  8648 | D:8      | Reached *** piety under Okawaru
  8648 | D:8      | Reached skill level 10 in Fighting
  8648 | D:8      | Reached skill level 10 in Shields
  8969 | D:9      | Reached **** piety under Okawaru
  9255 | D:9      | Noticed a manticore
  9281 | D:9      | Killed a manticore
  9281 | D:9      | Reached XP level 11. HP: 40/73 MP: 9/11
  9713 | D:10     | Entered Level 10 of the Dungeon
  9752 | D:10     | Reached skill level 10 in Maces & Flails
  9861 | D:10     | Noticed a two-headed ogre
  9873 | D:10     | Killed a two-headed ogre
  9894 | D:10     | Reached ***** piety under Okawaru
 10578 | D:10     | Noticed a two-headed ogre
 11159 | D:10     | Found a staircase to the Lair.
 11229 | D:10     | Found the +5 scythe "Finisher" {speed, Str+3}
 11663 | D:10     | Killed a two-headed ogre
 11852 | D:10     | Killed an unseen horror
 12233 | Lair:1   | Entered Level 1 of the Lair of Beasts
 12692 | Lair:1   | Reached XP level 12. HP: 81/81 MP: 10/12
 12698 | Lair:1   | Received a gift from Okawaru
 13697 | Lair:2   | Noticed Htamos's ghost (journeyman OpWz)
 14403 | Lair:2   | Killed Htamos's ghost
 14403 | Lair:2   | Received a gift from Okawaru
 14422 | Lair:2   | Got an ancient crystal plate armour {god gift}
 14435 | Lair:2   | Identified the +1 crystal plate armour "Coseriz" {rC- Regen+ Str+8 Int-3} (Okawaru gifted it to you on level 2 of the Lair of Beasts)
 14552 | Lair:2   | Noticed a seven-headed hydra
 14563 | Lair:2   | Killed a seven-headed hydra
 15340 | Lair:3   | Reached XP level 13. HP: 72/88 MP: 13/13
 15450 | Lair:3   | Found a staircase to the Snake Pit.
 15573 | Lair:3   | Found a shattered altar of Ashenzari.
 15686 | Lair:3   | Found a staircase to the Shoals.
 16510 | Lair:4   | Received a gift from Okawaru
 16772 | Lair:4   | Identified a +1 pair of boots of running (Okawaru gifted it to you on level 4 of the Lair of Beasts)
 18216 | Lair:4   | Received a gift from Okawaru
 18233 | Lair:4   | Gained mutation: Your large and strong wings let you fly indefinitely. [Gargoyle growth]
 18233 | Lair:4   | Reached XP level 14. HP: 96/96 MP: 12/14
 18558 | Lair:5   | Reached skill level 15 in Shields
 18585 | Lair:5   | Reached skill level 15 in Fighting
 18670 | Lair:5   | Found a viscous altar of Jiyva.
 18670 | Lair:5   | Found a staircase to the Slime Pits.
 19193 | Lair:6   | Entered Level 6 of the Lair of Beasts
 19318 | Lair:6   | Reached skill level 1 in Invocations
 19374 | Lair:6   | Reached skill level 1 in Dodging
 20037 | Lair:6   | Received a gift from Okawaru
 20217 | Lair:6   | Found a runed door.
 21424 | D:11     | Reached skill level 15 in Maces & Flails
 21424 | D:11     | Reached XP level 15. HP: 43/104 MP: 15/17
 21438 | D:11     | Found a flagged portal.
 21462 | Bailey   | Entered a bailey
 21577 | Bailey   | Received a gift from Okawaru
 21790 | Bailey   | Got an ancient scale mail
 21801 | Bailey   | Identified the cursed +1 scale mail of Dishonesty {*Slow rC+ rN+ Regen+} (You found it in a bailey)
 21902 | D:11     | Found a staircase to the Orcish Mines.
 22198 | D:11     | Identified Sif Muna's Volume of Warped Stolen Souls
 22533 | Orc:1    | Entered Level 1 of the Orcish Mines
 22737 | Orc:1    | Found a roughly hewn altar of Beogh.
 22862 | Orc:2    | Entered Level 2 of the Orcish Mines
 22863 | Orc:2    | Found a staircase to the Elven Halls.
 23017 | Orc:2    | Found a roughly hewn altar of Beogh.
 23315 | Orc:2    | Noticed an orc warlord
 23333 | Orc:2    | Killed an orc warlord
 23347 | Orc:2    | Found Sainn's Antique Weapon Shoppe.
 23374 | Orc:2    | Found a roughly hewn altar of Beogh.
 23458 | Orc:2    | Found Afofoarr's Antique Armour Emporium.
 23459 | Orc:2    | Found a roughly hewn altar of Beogh.
 23473 | Orc:2    | Bought a shiny helmet for 157 gold pieces
 23559 | Orc:2    | Found a roughly hewn altar of Beogh.
 23560 | Orc:2    | Found Neushaz's Weapon Emporium.
 23635 | Orc:2    | Found a roughly hewn altar of Beogh.
 23676 | Orc:2    | Found a roughly hewn altar of Beogh.
 23681 | Orc:2    | Reached skill level 5 in Armour
 23703 | Orc:2    | Found Sad Ucau's Food Boutique.
 24791 | D:13     | Received a gift from Okawaru
 24810 | D:13     | Got a pair of twisted gloves {god gift}
 24821 | D:13     | Identified the +2 pair of gloves "Quhicutt" {rElec Dex+4 Slay+3} (Okawaru gifted it to you on level 13 of the Dungeon)
 25362 | D:14     | Found a gate to the Vaults.
 25362 | D:14     | Noticed Nessos
 25362 | D:14     | Noticed Urug
 25451 | D:14     | Reached skill level 5 in Invocations
 25500 | D:14     | Killed Urug
 25508 | D:14     | Killed Nessos
 25543 | D:14     | Reached XP level 16. HP: 106/111 MP: 20/20
 25858 | D:14     | Reached ****** piety under Okawaru
 25865 | D:14     | Received a gift from Okawaru
 26048 | D:14     | Noticed Frances
 26056 | D:14     | Killed Frances
 26497 | D:15     | Entered Level 15 of the Dungeon
 26529 | D:15     | Reached skill level 5 in Dodging
 26561 | D:15     | Received a gift from Okawaru
 26916 | D:15     | Found Bix Emia's Book Shoppe.
 27205 | D:15     | Found a staircase to the Depths.
 27612 | Shoals:1 | Entered Level 1 of the Shoals
 27643 | Shoals:1 | Found an ancient bone altar of Kikubaaqudgha.
 27939 | Shoals:1 | Noticed a kraken
 27961 | Shoals:1 | Killed a kraken
 28033 | Shoals:1 | Found an ancient bone altar of Kikubaaqudgha.
 28163 | Shoals:1 | Found Aweoffae's Armour Shop.
 28200 | Shoals:1 | Identified Sif Muna's Disquisition on Transformation and Translocation
 28306 | Shoals:1 | Found Puyreath's Book Boutique.
 28548 | Shoals:2 | Found Kuoph's Book Emporium.
 28598 | Shoals:2 | Reached XP level 17. HP: 117/119 MP: 22/22
 29282 | Shoals:2 | Received a gift from Okawaru
 29653 | Shoals:3 | Noticed a kraken
 29664 | Shoals:3 | Killed a kraken
 29837 | Shoals:3 | Received a gift from Okawaru
 30239 | Shoals:4 | Entered Level 4 of the Shoals
 30288 | Shoals:4 | Noticed Ilsuiw
 30318 | Shoals:4 | Reached skill level 10 in Armour
 30531 | Shoals:3 | Received a gift from Okawaru
 30572 | Shoals:3 | Got a bloodstained ring mail {god gift}
 30583 | Shoals:3 | Identified the +5 ring mail "Kidgh" {*Drain rC+ Int+2 Slay+4} (Okawaru gifted it to you on level 3 of the Shoals)
 30623 | Shoals:4 | Killed Ilsuiw
 30687 | Shoals:4 | Reached XP level 18. HP: 128/128 MP: 25/25
 31533 | Shoals:4 | Got a barnacled rune of Zot
 32316 | Snake:1  | Entered Level 1 of the Snake Pit
 32518 | Snake:1  | Received a gift from Okawaru
 33098 | Snake:2  | Noticed Nikola
 33151 | Snake:2  | Killed Nikola
 33193 | Snake:2  | Got a pitted chain mail
 33198 | Snake:1  | Identified the +6 chain mail of the Illusory Beggars {+Inv MP+9 Str-2} (You found it on level 2 of the Snake Pit)
 33356 | Snake:2  | Noticed Vashnia
 33380 | Snake:2  | Killed Vashnia
 33625 | Snake:2  | Found Yteq's Gadget Boutique.
 33625 | Snake:2  | Found Ownuod's Jewellery Shoppe.
 33625 | Snake:2  | Noticed Agnes
 33626 | Snake:2  | Found Oschuejea's Jewellery Shoppe.
 33632 | Snake:2  | Killed Agnes
 33741 | Snake:3  | Reached XP level 19. HP: 136/136 MP: 26/26
 33784 | Snake:3  | Received a gift from Okawaru
 34453 | Snake:4  | Entered Level 4 of the Snake Pit
 34726 | Snake:4  | Reached skill level 10 in Dodging
 34785 | Snake:4  | Received a gift from Okawaru
 35042 | Snake:4  | Noticed Aizul
 35064 | Snake:4  | Killed Aizul
 35261 | Snake:4  | Reached XP level 20. HP: 125/145 MP: 27/27
 35438 | Snake:4  | Got a serpentine rune of Zot
 35833 | Vaults:1 | Entered Level 1 of the Vaults
 36784 | Vaults:1 | Received a gift from Okawaru
 37292 | Vaults:1 | Found a radiant altar of Vehumet.
 37535 | Vaults:2 | Noticed a Brimstone Fiend
 38188 | Vaults:2 | Received a gift from Okawaru
 38315 | Vaults:2 | Noticed a Tzitzimitl
 38329 | Vaults:2 | Noticed a Tzitzimitl
 38578 | Vaults:2 | Reached XP level 21. HP: 153/153 MP: 23/28
 38821 | Vaults:2 | Identified the Incunabulum of Evil Snow
 38974 | Vaults:2 | Noticed Margery
 38988 | Vaults:2 | Killed Margery
 39326 | Vaults:2 | Reached skill level 15 in Armour
 39652 | Vaults:3 | Received a gift from Okawaru
 40448 | Vaults:3 | Found a staircase to the Crypt.
 40766 | Vaults:3 | Noticed Mara
 40776 | Vaults:3 | Killed Mara
 40776 | Vaults:3 | Received a gift from Okawaru
 40779 | Vaults:3 | Got a pair of transparent boots {god gift}
 40791 | Vaults:3 | Identified the +3 pair of boots of the Undertaker {Str+10} (Okawaru gifted it to you on level 3 of the Vaults)
 41089 | Vaults:3 | Found Rusch's Jewellery Shop.
 41097 | Vaults:3 | Bought a +6 amulet of reflection for 1111 gold pieces
 41661 | Vaults:4 | Reached XP level 22. HP: 146/162 MP: 29/29
 42956 | Depths:1 | Entered Level 1 of the Depths
 43248 | Depths:1 | Received a gift from Okawaru
 43278 | Depths:1 | Got a diamond-encrusted plate armour
 43279 | Depths:1 | Identified the +3 plate armour "Saghemue" {+Blink} (You found it on level 1 of the Depths)
 43280 | Depths:1 | Identified a scroll of acquirement
 43366 | Depths:1 | Found a corrupted altar of Lugonu.
 43367 | Depths:1 | Found a one-way gate to the infinite horrors of the Abyss.
 43694 | Depths:1 | Identified the Almanac of Poisoning
 43849 | Depths:1 | Found a gateway to Hell.
 44220 | Depths:2 | Received a gift from Okawaru
 44325 | Depths:2 | Reached XP level 23. HP: 170/170 MP: 26/30
 44586 | Depths:2 | Received a gift from Okawaru
 44612 | Depths:2 | Got a pitted steel ring
 45025 | Depths:2 | Identified the ring "Biociepu" {+Fly rF+++ rC- Slay+2} (You took it off a rakshasa on level 2 of the Depths)
 45148 | Depths:3 | Found a gateway to a ziggurat.
 45319 | Depths:3 | Found Riatef's Assorted Antiques.
 45327 | Depths:3 | Bought a scroll of magic mapping for 150 gold pieces
 45331 | Depths:3 | Noticed Frederick
 45347 | Depths:3 | Killed Frederick
 45846 | Depths:3 | Noticed a juggernaut
 45868 | Depths:3 | Killed a juggernaut
 45868 | Depths:3 | Received a gift from Okawaru
 45868 | Depths:3 | Received a gift from Okawaru
 46256 | Depths:3 | Found a one-way gate leading to the halls of Pandemonium.
 46486 | Depths:4 | Reached XP level 24. HP: 173/176 MP: 30/30
 46627 | Depths:4 | Found a portal to a secret trove of treasure.
 46910 | Depths:4 | Received a gift from Okawaru
 47009 | Depths:4 | Lost intelligence.
 47110 | Depths:4 | Lost intelligence.
 48004 | Depths:4 | Lost intelligence.
 48981 | Depths:5 | Entered Level 5 of the Depths
 49284 | Depths:5 | Found Sothifo's Changing Room.
 49294 | Depths:5 | Bought a potion of mutation for 160 gold pieces
 49294 | Depths:5 | Bought a potion of lignification for 60 gold pieces
 49294 | Depths:5 | Bought a potion of mutation for 160 gold pieces
 49520 | Depths:5 | Found a gate to the Realm of Zot.
 49543 | Depths:5 | Received a gift from Okawaru
 49620 | Depths:5 | Reached skill level 27 in Fighting
 50014 | Vaults:5 | Entered Level 5 of the Vaults
 50019 | Vaults:5 | Reached skill level 10 in Invocations
 50020 | Vaults:5 | Reached XP level 25. HP: 187/187 MP: 30/30
 50021 | Vaults:5 | Noticed an ancient lich
 50026 | Vaults:5 | Received a gift from Okawaru
 50046 | Vaults:5 | Cast into level 5 of the Abyss (an ancient lich)
 50046 | Abyss:5  | Entered Level 5 of the Abyss
 50130 | Abyss:5  | Found a corrupted altar of Lugonu.
 50193 | Abyss:5  | Paralysed by you for 6 turns
 50300 | Abyss:5  | Found a hide-covered altar of Uskayaw.
 50412 | Abyss:5  | Found a corrupted altar of Lugonu.
 50425 | Abyss:5  | Got an abyssal rune of Zot
 50447 | Vaults:5 | Escaped the Abyss
 50457 | Vaults:5 | Killed an ancient lich
 50465 | Vaults:5 | Found the +10 large shield of Ignorance {rN+ Int-4}
 50513 | Vaults:5 | Got a silver rune of Zot
 50733 | Vaults:5 | Received a gift from Okawaru
 50824 | Vaults:5 | Got a translucent pewter ring
 50825 | Vaults:5 | Identified the ring "Ithuskean" {+Inv SInv} (You found it on level 5 of the Vaults)
 50921 | Vaults:5 | Noticed Jorgrun
 50935 | Vaults:5 | Killed Jorgrun
 51167 | Vaults:5 | Identified Utwoaz's Advanced Guide to the Arcane Arts
 51184 | Vaults:5 | Received a gift from Okawaru
 51184 | Vaults:5 | Reached XP level 26. HP: 193/193 MP: 31/31
 51193 | Vaults:5 | Noticed an ancient lich
 51208 | Vaults:5 | Paralysed by an ancient lich for 3 turns
 51214 | Vaults:5 | Killed an ancient lich
 51308 | Vaults:5 | Got a slimy bronze ring
 51671 | Vaults:5 | Identified the Tome of Glacial Feathers
 51869 | Vaults:5 | Identified the ring "Kesuq" {*Tele Str+4 Stlth+} (You took it off a tengu reaver on level 5 of the Vaults)
 51916 | Vaults:5 | Got smoking fire dragon scales
 51927 | Vaults:5 | Identified the +2 fire dragon scales of Vurot {+Fly rPois rF++ rC-} (You took it off a vault guard on level 5 of the Vaults)
 52207 | Zot:1    | Entered Level 1 of the Realm of Zot
 52990 | Zot:1    | Received a gift from Okawaru
 54592 | Zot:3    | Reached XP level 27. HP: 175/199 MP: 31/31
 54804 | Zot:3    | Received a gift from Okawaru
 55358 | Zot:3    | Received a gift from Okawaru
 55861 | Zot:4    | Got a pair of shimmering gloves
 55862 | Zot:4    | Identified the +1 pair of gloves of Zophesabaq {rPois Str+3 Int+5} (You found it on level 4 of the Realm of Zot)
 56629 | Zot:4    | Received a gift from Okawaru
 57215 | Depths:4 | Got a spiked hat {god gift}
 57226 | Depths:4 | Identified the +0 hat of Rodal {*Corrode rN+ Str+3} (Okawaru gifted it to you on level 4 of the Depths)
 57730 | Orc:2    | Bought a runed scarf for 168 gold pieces
 58190 | Zot:5    | Entered Level 5 of the Realm of Zot
 58227 | Zot:5    | Received a gift from Okawaru
 58500 | Zot:5    | Noticed an orb of fire
 58501 | Zot:5    | Gained mutation: Your body sometimes deteriorates upon taking damage. [an orb of fire]
 58503 | Zot:5    | Gained mutation: Your body often deteriorates upon taking damage. [an orb of fire]
 58511 | Zot:5    | Noticed an ancient lich
 58511 | Zot:5    | Killed an orb of fire
 58515 | Zot:5    | Killed an ancient lich
 58606 | Zot:5    | Received a gift from Okawaru
 58896 | Zot:5    | Noticed an orb of fire
 58897 | Zot:5    | Gained mutation: Your magical capacity is low. (-10% MP) [an orb of fire]
 58916 | Zot:5    | Killed an orb of fire
 58969 | Zot:5    | Noticed an orb of fire
 58971 | Zot:5    | Noticed an ancient lich
 58972 | Zot:5    | Noticed an orb of fire
 58974 | Zot:5    | Reached skill level 15 in Dodging
 58982 | Zot:5    | Killed an orb of fire
 58982 | Zot:5    | Received a gift from Okawaru
 58987 | Zot:5    | Killed an orb of fire
 58989 | Zot:5    | Killed an ancient lich
 58989 | Zot:5    | Received a gift from Okawaru
 58999 | Zot:5    | Reached skill level 15 in Invocations
 59054 | Zot:5    | Noticed an ancient lich
 59061 | Zot:5    | Killed an ancient lich
 59062 | Zot:5    | Noticed an orb of fire
 59062 | Zot:5    | Gained mutation: You are clumsy. (Dex -2) [an orb of fire]
 59083 | Zot:5    | Killed an orb of fire
 59083 | Zot:5    | Received a gift from Okawaru
 59193 | Zot:5    | Received a gift from Okawaru
 59267 | Zot:5    | Noticed an orb of fire
 59281 | Zot:5    | Killed an orb of fire
 59286 | Zot:5    | Noticed an orb of fire
 59288 | Zot:5    | Noticed an orb of fire
 59296 | Zot:5    | Killed an orb of fire
 59302 | Zot:5    | Gained mutation: You are weak. (Str -2) [an orb of fire]
 59306 | Zot:5    | Killed an orb of fire
 59646 | Zot:5    | Lost mutation: You are clumsy. (Dex -2) [potion of mutation]
 59646 | Zot:5    | Lost mutation: Your magical capacity is low. (-10% MP) [potion of mutation]
 59646 | Zot:5    | Lost mutation: Your body often deteriorates upon taking damage. [potion of mutation]
 59646 | Zot:5    | Lost mutation: Your body sometimes deteriorates upon taking damage. [potion of mutation]
 59646 | Zot:5    | Gained mutation: Scrolls take you a little longer to read. [potion of mutation]
 59646 | Zot:5    | Lost mutation: Scrolls take you a little longer to read. [potion of mutation]
 59647 | Zot:5    | Lost mutation: You are weak. (Str -2) [potion of mutation]
 59647 | Zot:5    | Gained mutation: Your magical capacity is low. (-10% MP) [potion of mutation]
 59647 | Zot:5    | Gained mutation: You have a pair of small horns on your head. [potion of mutation]
 59648 | Zot:5    | Lost mutation: Your magical capacity is low. (-10% MP) [potion of mutation]
 59648 | Zot:5    | Lost mutation: You have a pair of small horns on your head. [potion of mutation]
 59648 | Zot:5    | Gained mutation: Potions are less effective at restoring your health. [potion of mutation]
 59648 | Zot:5    | Gained mutation: You are partially covered in iridescent scales. (AC +2) [potion of mutation]
 59649 | Zot:5    | Lost mutation: You are partially covered in iridescent scales. (AC +2) [potion of mutation]
 59649 | Zot:5    | Lost mutation: Potions are less effective at restoring your health. [potion of mutation]
 59649 | Zot:5    | Gained mutation: You are partially covered in large bone plates. (SH +4) [potion of mutation]
 59649 | Zot:5    | Gained mutation: You are partially covered in yellow scales. (AC +2) [potion of mutation]
 59649 | Zot:5    | Gained mutation: You are agile. (Dex +2) [potion of mutation]
 59649 | Zot:5    | Gained mutation: You are partially covered in thin metallic scales. (AC +2) [potion of mutation]
 60069 | D:4      | Fell from the grace of Okawaru
 60069 | D:4      | Became a worshipper of the Shining One
 60358 | Crypt:1  | Entered Level 1 of the Crypt
 60471 | Crypt:1  | Reached * piety under the Shining One
 60578 | Crypt:1  | Reached ** piety under the Shining One
 60710 | Crypt:1  | Reached *** piety under the Shining One
 61572 | Crypt:2  | Reached **** piety under the Shining One
 61866 | Crypt:2  | Reached ***** piety under the Shining One
 62145 | Crypt:3  | Entered Level 3 of the Crypt
 62525 | Crypt:3  | Reached ****** piety under the Shining One
 62529 | Crypt:3  | Identified a +9 eveningstar of holy wrath (a +9 eveningstar of crushing blessed by the Shining One)
 62529 | Crypt:3  | Received a gift from the Shining One
 62632 | Crypt:3  | Found a staircase to the Tomb.
 62822 | Crypt:3  | Found an ancient bone altar of Kikubaaqudgha.
 62843 | Crypt:3  | Found a basalt altar of Yredelemnul.
 62911 | Crypt:3  | Found the +7 great mace "Undeadhunter" {disrupt, rN+}
 62911 | Crypt:3  | Found the +9 heavy crossbow "Sniper" {velocity, Acc+∞ SInv}
 64055 | Temple   | Fell from the grace of the Shining One
 64055 | Temple   | Became a worshipper of Zin the Law-Giver
 64055 | Temple   | Reached * piety under Zin
 64055 | Temple   | Reached ** piety under Zin
 64055 | Temple   | Reached *** piety under Zin
 64055 | Temple   | Reached **** piety under Zin
 64055 | Temple   | Reached ***** piety under Zin
 64289 | Elf:1    | Entered Level 1 of the Elven Halls
 64736 | Elf:1    | Paralysed by a wizard for 2 turns
 65181 | Elf:2    | Found a huge runed gate.
 65181 | Elf:2    | Found a huge runed gate.
 65182 | Elf:2    | Found a huge runed gate.
 65185 | Elf:2    | Found a huge runed gate.
 65188 | Elf:2    | Found a huge runed gate.
 65316 | Elf:2    | Found a radiant altar of Vehumet.
 65740 | Elf:2    | Noticed Donald
 65751 | Elf:2    | Noticed Asterion
 65753 | Elf:2    | Killed Donald
 65777 | Elf:2    | Killed Asterion
 65930 | Elf:3    | Entered Level 3 of the Elven Halls
 65932 | Elf:3    | Found a magical portal.
 65957 | WizLab   | Entered Cigotuvi's Fleshworks
 66112 | WizLab   | Paralysed by a floating eye for 3 turns
 66136 | WizLab   | Paralysed by a floating eye for 2 turns
 66145 | WizLab   | Paralysed by a floating eye for 2 turns
 66169 | WizLab   | Reached ****** piety under Zin
 66176 | WizLab   | Paralysed by a floating eye for 2 turns
 66287 | WizLab   | Got a coiled zirconium amulet
 66288 | WizLab   | Identified the amulet of Due Proportion {Harm *Drain +Blink rPois} (You found it in a wizard's laboratory)
 66917 | WizLab   | Identified Cigotuvi's Catalogue of Doomed Transmutation
 67213 | WizLab   | Was forgiven by Okawaru
 68297 | Elf:3    | Found Ceulaasi's Book Emporium.
 68423 | Elf:3    | Identified the Reference Book on Snow
 68435 | Elf:3    | Identified Wyicaas's Disquisition on Combat Magic and Creation
 68708 | Elf:3    | Noticed Roxanne
 68719 | Elf:3    | Killed Roxanne
 68720 | Elf:3    | Identified Roxanne's Catalogue of Changing (You took it off Roxanne on level 3 of the Elven Halls)
 69010 | Elf:3    | Identified the Grimoire of Darkness
 69220 | Slime:1  | Entered Level 1 of the Pits of Slime
 71891 | Slime:4  | Noticed cokecookie's ghost (veteran DEWz)
 72351 | Slime:4  | Killed cokecookie's ghost
 72420 | Slime:5  | Entered Level 5 of the Pits of Slime
 72853 | Slime:5  | Noticed the Royal Jelly
 72870 | Slime:5  | Found a viscous altar of Jiyva.
 72878 | Slime:5  | Killed the Royal Jelly
 73311 | Slime:5  | Identified the Volume of Weightlessness and Beguiling
 73326 | Slime:5  | Identified the Collected Works on Envenoming and Air
 73346 | Slime:5  | Got a slimy rune of Zot
 73413 | Slime:5  | Got a vibrating diamond amulet
 73414 | Slime:5  | Identified the amulet "Ufizosats" {Harm *Drain *Slow +Inv Dex+3 Stlth+} (You found it on level 5 of the Pits of Slime)
 74039 | Pan      | Entered Pandemonium
 74301 | Pan      | Noticed Ejoqolun the pandemonium lord
 75683 | Pan      | Noticed Joghyaci the pandemonium lord
 75688 | Pan      | Killed Joghyaci the pandemonium lord
 75768 | Pan      | Found an exit through the horrors of the Abyss.
 75791 | Pan      | Noticed Uraeh the pandemonium lord
 75803 | Pan      | Killed Uraeh the pandemonium lord
 75884 | Pan      | Got a demonic rune of Zot
 75991 | Pan      | Found an exit through the horrors of the Abyss.
 76055 | Pan      | Noticed Mennas
 76056 | Pan      | Found an exit through the horrors of the Abyss.
 76161 | Pan      | Found an exit through the horrors of the Abyss.
 76456 | Pan      | Noticed Sadus the pandemonium lord
 76464 | Pan      | Killed Sadus the pandemonium lord
 76492 | Pan      | Got a crude jade amulet
 76493 | Pan      | Identified the amulet "Zufizubb" {Regen+ Int+4} (You found it in Pandemonium)
 77436 | Pan      | Identified the Tome of Poisonous Shape Shifting
 77515 | Pan      | Noticed Seadd the pandemonium lord
 77633 | Pan      | Noticed Jiutahuth the pandemonium lord
 77644 | Pan      | Killed Jiutahuth the pandemonium lord
 78109 | Pan      | Noticed Axefrose the pandemonium lord
 78115 | Pan      | Killed Axefrose the pandemonium lord
 78127 | Pan      | Entered the realm of Lom Lobon.
 79384 | Pan      | Noticed Lom Lobon
 79403 | Pan      | Killed Lom Lobon
 79496 | Pan      | Got a magical rune of Zot
 79741 | Pan      | Entered the realm of Mnoleg.
 80209 | Pan      | Lost intelligence.
 80283 | Pan      | Lost intelligence.
 80321 | Pan      | Noticed Mnoleg
 80334 | Pan      | Killed Mnoleg
 80351 | Pan      | Got a glowing rune of Zot
 80357 | Pan      | Lost intelligence.
 80478 | Pan      | Lost intelligence.
 82345 | Pan      | Entered the realm of Cerebov.
 82442 | Pan      | Found an exit through the horrors of the Abyss.
 83003 | Pan      | Noticed Cerebov
 83037 | Pan      | Killed Cerebov
 83143 | Pan      | Identified Sif Muna's Compendium of Transmigration and Attacks
 83149 | Pan      | Got a jewelled plate armour
 83150 | Pan      | Identified the +5 plate armour of Charity {rElec Regen+ Str+4 Dex-5} (You found it in Pandemonium)
 83174 | Pan      | Identified the Volume of Mutagenic Unholy Magic
 83322 | Pan      | Got a smoking iron ring
 83534 | Pan      | Got a fiery rune of Zot
 83664 | Pan      | Found an exit through the horrors of the Abyss.
 83804 | Pan      | Reached skill level 27 in Invocations
 83810 | Pan      | Noticed Gegg the pandemonium lord
 84174 | Pan      | Entered the realm of Gloorx Vloq.
 84789 | Pan      | Identified the ring "Kare" {Wiz rF+} (You took it off a balrug in Pandemonium)
 84802 | Pan      | Found an exit through the horrors of the Abyss.
 85142 | Pan      | Noticed Gloorx Vloq
 85154 | Pan      | Killed Gloorx Vloq
 85169 | Pan      | Got a dark rune of Zot
 86355 | Pan      | Noticed Latryen the pandemonium lord
 86388 | Pan      | Killed Latryen the pandemonium lord
 87143 | Pan      | Found a runed door.
 87150 | Pan      | Noticed Pinouvvi the pandemonium lord
 87315 | Pan      | Donated 4156 gold pieces to Zin
 87800 | Pan      | Noticed Casedwac the pandemonium lord
 88375 | Pan      | Found an exit through the horrors of the Abyss.
 88379 | Pan      | Took an exit into the Abyss.
 88379 | Abyss:1  | Escaped into the Abyss
 88523 | Abyss:1  | Reached skill level 1 in Spellcasting
 88586 | Abyss:1  | Paralysed by accursed screaming for 1 turns
 88646 | Abyss:1  | Found a corrupted altar of Lugonu.
 88750 | Abyss:1  | Found a corrupted altar of Lugonu.
 88963 | Abyss:1  | Reached skill level 5 in Spellcasting
 89257 | Abyss:1  | Reached skill level 1 in Throwing
 89867 | Abyss:1  | Reached skill level 5 in Throwing
 90354 | Depths:3 | Escaped the Abyss
 90462 | Hell     | Entered the Vestibule of Hell
 90462 | Hell     | Noticed Geryon
 90710 | Hell     | Killed Geryon
 90869 | Hell     | Reached skill level 10 in Throwing
 90896 | Hell     | Found a gateway to the decaying netherworld of Tartarus.
 90923 | Tar:1    | Entered Level 1 of Tartarus
 91876 | Tar:7    | Entered Level 7 of Tartarus
 92014 | Tar:7    | Reached skill level 15 in Throwing
 93062 | Tar:7    | Reached skill level 27 in Armour
 93952 | Tar:7    | Got a warped ruby amulet
 94051 | Tar:7    | Noticed Ereshkigal
 94075 | Tar:7    | Killed Ereshkigal
 94128 | Tar:7    | Got a bone rune of Zot
 95069 | Tar:7    | Identified the amulet of Fageapiam {Reflect *Contam Int+3 Dex+6 SH+5} (You found it on level 7 of Tartarus)
 95391 | Hell     | Found a gateway to the Iron City of Dis.
 95396 | Dis:1    | Entered Level 1 of the Iron City of Dis
 99575 | Dis:7    | Entered Level 7 of the Iron City of Dis
101387 | Dis:7    | Got a slimy jade amulet
101388 | Dis:7    | Identified the amulet "Meje" {Reflect Str+2 SH+2 Stlth+} (You found it on level 7 of the Iron City of Dis)
101755 | Dis:7    | Got a transparent lead ring
101756 | Dis:7    | Identified the ring "Bamaik" {rElec rF+ rC++ EV+3 Dex-5} (You found it on level 7 of the Iron City of Dis)
102659 | Dis:7    | Got a translucent granite ring
102660 | Dis:7    | Identified the ring "Teism" {Wiz Dex+2} (You found it on level 7 of the Iron City of Dis)
102681 | Dis:7    | Noticed Dispater
102706 | Dis:7    | Killed Dispater
102942 | Dis:7    | Found the +1 cloak of Starlight {rElec rC+ EV+4 Stlth--}
102945 | Dis:7    | Got an iron rune of Zot
103535 | Hell     | Found a gateway to the ashen valley of Gehenna.
103691 | Hell     | Found a gateway to the freezing wastes of Cocytus.
103749 | Coc:1    | Entered Level 1 of Cocytus
104333 | Coc:5    | Reached skill level 27 in Dodging
104621 | Coc:7    | Entered Level 7 of Cocytus
105709 | Coc:7    | Noticed the Serpent of Hell
105733 | Coc:7    | Killed the Serpent of Hell
105983 | Coc:7    | Reached skill level 27 in Shields
106287 | Coc:7    | Noticed Antaeus
106291 | Coc:7    | Noticed Artool's ghost (legendary DsBe)
106901 | Coc:7    | Killed Antaeus
106901 | Coc:7    | Reached skill level 10 in Spellcasting
107227 | Coc:7    | Killed Artool's ghost
107342 | Coc:7    | Got an icy rune of Zot
107388 | Coc:7    | Identified Sif Muna's Grimoire of Nocuous Moulding
107739 | D:15     | Learned a level 1 spell: Apportation
107820 | D:11     | Learned a level 2 spell: Blink
107955 | Geh:1    | Entered Level 1 of Gehenna
107978 | Geh:1    | Reached skill level 1 in Translocations
108549 | Geh:3    | Reached skill level 5 in Translocations
110249 | Geh:7    | Entered Level 7 of Gehenna
110255 | Geh:7    | Learned a level 3 spell: Teleport Other
110661 | Geh:7    | Reached skill level 15 in Spellcasting
111182 | Geh:7    | Found the +9 sword of Zonguldrok {reap}
111647 | Geh:7    | Noticed Asmodeus
111665 | Geh:7    | Killed Asmodeus
112622 | Geh:7    | Got a fine tin ring
112623 | Geh:7    | Identified the ring of the Immovable Eyes {rC+ rN+ MP+9 Int+2} (You found it on level 7 of Gehenna)
112774 | Geh:7    | Identified Satzurec's Catalogue of Burning Envenoming
112776 | Geh:7    | Identified the Handbook of Quantum Creation
112946 | Geh:7    | Got an obsidian rune of Zot
113454 | D:4      | Fell from the grace of Zin
113454 | D:4      | Became a worshipper of the Shining One
113825 | Tomb:1   | Entered Level 1 of the Tomb of the Ancients
114103 | Tomb:1   | Noticed a greater mummy
114112 | Tomb:1   | Killed a greater mummy
114396 | Tomb:1   | Noticed a greater mummy
114406 | Tomb:1   | Killed a greater mummy
115922 | Geh:3    | Cast into level 4 of the Abyss (a lich)
116280 | Abyss:4  | Got a steaming helmet
116281 | Abyss:4  | Identified the cursed -5 helmet of the Tortoise {*Corrode rC++ rN+ Int+2} (You found it on level 4 of the Abyss)
116394 | Geh:3    | Escaped the Abyss
116779 | Geh:7    | Learned a level 8 spell: Controlled Blink
117221 | Zig:1    | Entered Level 1 of a ziggurat
117941 | Zig:2    | Entered Level 2 of a ziggurat
117969 | Zig:3    | Entered Level 3 of a ziggurat
118047 | Zig:3    | Got a glittering amber ring
118050 | Zig:3    | Identified the ring of the Centipede {rF+ rC+ rN+ MP+9 Str-4 SInv} (You found it on level 3 of a ziggurat)
118059 | Zig:4    | Entered Level 4 of a ziggurat
118105 | Zig:5    | Entered Level 5 of a ziggurat
118114 | Zig:5    | Reached skill level 10 in Translocations
118138 | Zig:5    | Identified Qulain's Collected Works on Supportive Dislocation
118160 | Zig:6    | Entered Level 6 of a ziggurat
118193 | Zig:6    | Got a flickering ivory ring
118194 | Zig:6    | Identified the ring of Temptation {rElec rPois rF+ rC+} (You found it on level 6 of a ziggurat)
118214 | Zig:7    | Entered Level 7 of a ziggurat
118262 | Zig:8    | Entered Level 8 of a ziggurat
118307 | Zig:8    | Got a pitted granite ring
118308 | Zig:8    | Identified the ring "Xaruh" {rC- AC+2 Dex+3 Slay+2} (You found it on level 8 of a ziggurat)
118416 | Zig:9    | Entered Level 9 of a ziggurat
118590 | Zig:10   | Entered Level 10 of a ziggurat
118881 | Zig:10   | Got a heavily runed turquoise ring
118882 | Zig:10   | Identified the ring of Engusig {rN++ MR+ Int+3 Stlth-} (You found it on level 10 of a ziggurat)
118905 | Zig:11   | Entered Level 11 of a ziggurat
118920 | Zig:11   | Noticed a juggernaut
118921 | Zig:11   | Noticed a juggernaut
118921 | Zig:11   | Noticed a juggernaut
118921 | Zig:11   | Noticed a juggernaut
118922 | Zig:11   | Noticed a juggernaut
118932 | Zig:11   | Killed a juggernaut
118932 | Zig:11   | Reached skill level 15 in Translocations
118937 | Zig:11   | Killed a juggernaut
118940 | Zig:11   | Killed a juggernaut
118943 | Zig:11   | Killed a juggernaut
118947 | Zig:11   | Killed a juggernaut
119024 | Zig:11   | Got a vibrating turquoise ring
119025 | Zig:11   | Identified the ring "Vavur" {rElec rPois rF++} (You found it on level 11 of a ziggurat)
119160 | Zig:12   | Entered Level 12 of a ziggurat
119210 | Zig:12   | Identified the Compendium of Entrancing Orientation
119215 | Zig:12   | Learned a level 2 spell: Shroud of Golubria
119223 | Zig:12   | Got a glittering golden ring
119224 | Zig:12   | Identified the ring "Niulal" {Fire Str+4 Int+3 Dex+3} (You found it on level 12 of a ziggurat)
119249 | Zig:13   | Entered Level 13 of a ziggurat
119330 | Zig:13   | Got a smoking emerald amulet
119331 | Zig:13   | Identified the amulet "Mium Mubeob" {Harm *Drain Str+2 Int-4 Dex+8} (You found it on level 13 of a ziggurat)
119334 | Zig:14   | Entered Level 14 of a ziggurat
119516 | Zig:14   | Got a shimmering marble ring
119517 | Zig:14   | Identified the ring "Gunkainu" {+Fly rElec rC- MP+9 Stlth+} (You found it on level 14 of a ziggurat)
119529 | Zig:14   | Identified the Tome of Flames
119543 | Zig:14   | Got a brightly glowing bone ring
119544 | Zig:14   | Identified the cursed ring "Xipnimit" {rF+ MR+ Dex-5 Stlth-} (You found it on level 14 of a ziggurat)
119555 | Zig:15   | Entered Level 15 of a ziggurat
119599 | Zig:15   | Paralysed by accursed screaming for 2 turns
119809 | Zig:15   | Got a wavering ivory ring
119810 | Zig:15   | Identified the ring "Hautwomp" {rElec Stlth+} (You found it on level 15 of a ziggurat)
119827 | Zig:16   | Entered Level 16 of a ziggurat
119839 | Zig:16   | Noticed Teykote the pandemonium lord
119845 | Zig:16   | Noticed Dojaexke the pandemonium lord
119848 | Zig:16   | Noticed Intiz the pandemonium lord
119848 | Zig:16   | Killed Teykote the pandemonium lord
119850 | Zig:16   | Noticed Sunuuhewn the pandemonium lord
119851 | Zig:16   | Noticed Qeletul the pandemonium lord
119852 | Zig:16   | Noticed Weketipp the pandemonium lord
119852 | Zig:16   | Noticed Aquttuok the pandemonium lord
119854 | Zig:16   | Gained mutation: Your magical capacity is low. (-10% MP) [a cacodemon]
119869 | Depths:3 | Killed Qeletul the pandemonium lord
120123 | Depths:3 | Lost mutation: You are agile. (Dex +2) [potion of mutation]
120123 | Depths:3 | Lost mutation: Your magical capacity is low. (-10% MP) [potion of mutation]
120123 | Depths:3 | Gained mutation: You are agile. (Dex +2) [potion of mutation]
120123 | Depths:3 | Gained mutation: You occasionally shout uncontrollably at your foes. [potion of mutation]
120123 | Depths:3 | Gained mutation: You are somewhat resistant to further mutation. [potion of mutation]
120212 | Depths:1 | Voluntarily entered the Abyss.
120234 | Abyss:1  | Paralysed by accursed screaming for 1 turns
120434 | Abyss:1  | Paralysed by accursed screaming for 1 turns
120789 | Abyss:1  | Paralysed by accursed screaming for 2 turns
120826 | Abyss:1  | Gained mutation: Your spells are a little easier to cast, but a little less powerful. [a shining eye]
120859 | Abyss:1  | Lost mutation: Your spells are a little easier to cast, but a little less powerful. [potion of mutation]
120859 | Abyss:1  | Lost mutation: You occasionally shout uncontrollably at your foes. [potion of mutation]
120859 | Abyss:1  | Gained mutation: You are resistant to hostile enchantments. (MR+) [potion of mutation]
121663 | Abyss:1  | Found a corrupted altar of Lugonu.
121719 | Abyss:1  | Found a roughly hewn altar of Beogh.
122836 | Abyss:1  | Found a corrupted altar of Lugonu.
122866 | Abyss:1  | Found an ancient bone altar of Kikubaaqudgha.
122968 | Abyss:1  | Found a hide-covered altar of Uskayaw.
123576 | Abyss:1  | Found a corrupted altar of Lugonu.
123656 | Abyss:2  | Found a shimmering altar of Xom.
123731 | Abyss:2  | Found a shimmering altar of Xom.
124081 | Depths:1 | Escaped the Abyss
124494 | Tomb:2   | Noticed a greater mummy
124497 | Tomb:2   | Noticed a greater mummy
124504 | Tomb:2   | Noticed a greater mummy
124506 | Tomb:2   | Killed a greater mummy
124508 | Tomb:2   | Killed a greater mummy
124517 | Tomb:2   | Noticed a greater mummy
124523 | Tomb:2   | Killed a greater mummy
124528 | Tomb:2   | Killed a greater mummy
125181 | Tomb:1   | Noticed a greater mummy
125189 | Tomb:1   | Killed a greater mummy
125301 | Tomb:1   | Noticed a greater mummy
125310 | Tomb:1   | Killed a greater mummy
125325 | Tomb:1   | Noticed a greater mummy
125331 | Tomb:1   | Killed a greater mummy
125351 | Tomb:1   | Noticed a greater mummy
125353 | Tomb:1   | Noticed a greater mummy
125354 | Tomb:1   | Noticed a greater mummy
125359 | Tomb:1   | Killed a greater mummy
125364 | Tomb:1   | Killed a greater mummy
125368 | Tomb:1   | Killed a greater mummy
125559 | Tomb:1   | Noticed a greater mummy
125566 | Tomb:1   | Killed a greater mummy
125842 | Tomb:1   | Noticed a greater mummy
125846 | Tomb:1   | Killed a greater mummy
125847 | Tomb:1   | Noticed a greater mummy
125855 | Tomb:1   | Killed a greater mummy
126036 | Tomb:1   | Noticed a greater mummy
126047 | Tomb:1   | Killed a greater mummy
126057 | Tomb:1   | Noticed a greater mummy
126063 | Tomb:1   | Killed a greater mummy
126078 | Tomb:1   | Noticed a greater mummy
126085 | Tomb:1   | Killed a greater mummy
126089 | Tomb:1   | Noticed a greater mummy
126101 | Tomb:1   | Killed a greater mummy
126146 | Tomb:1   | Noticed a greater mummy
126153 | Tomb:1   | Killed a greater mummy
126921 | Tomb:3   | Entered Level 3 of the Tomb of the Ancients
126928 | Tomb:3   | Noticed an ancient lich
126928 | Tomb:3   | Noticed a greater mummy
126930 | Tomb:3   | Noticed Sojobo
126931 | Tomb:3   | Noticed a greater mummy
126933 | Tomb:3   | Killed an ancient lich
126953 | Tomb:3   | Killed a greater mummy
126955 | Tomb:3   | Killed Sojobo
126976 | Tomb:3   | Killed a greater mummy
126990 | Tomb:3   | Noticed a greater mummy
127035 | Tomb:3   | Killed a greater mummy
127041 | Tomb:3   | Noticed a greater mummy
127048 | Tomb:3   | Killed a greater mummy
127610 | Tomb:3   | Noticed Khufu
127616 | Tomb:3   | Killed Khufu
127939 | Tomb:3   | Noticed a greater mummy
127944 | Tomb:3   | Killed a greater mummy
127989 | Tomb:3   | Noticed a greater mummy
127995 | Tomb:3   | Killed a greater mummy
128074 | Tomb:3   | Got a golden rune of Zot
128090 | Tomb:3   | Noticed an ancient lich
128099 | Tomb:3   | Killed an ancient lich
128168 | Tomb:3   | Noticed a greater mummy
128186 | Tomb:3   | Killed a greater mummy
128303 | Tomb:3   | Got a translucent golden amulet
128304 | Tomb:3   | Identified the amulet "Vaciclas" {+Rage +Fly rPois rC- Slay+2} (You found it on level 3 of the Tomb of the Ancients)
128311 | Tomb:3   | Got a pitted bone ring
128312 | Tomb:3   | Identified the ring of Megalomania {rCorr Str+5} (You found it on level 3 of the Tomb of the Ancients)
128318 | Tomb:3   | Got a translucent steel ring
128319 | Tomb:3   | Identified the ring of Interdependent Arising {+Blink Dex+2 Stlth-} (You found it on level 3 of the Tomb of the Ancients)
128326 | Tomb:3   | Got a wavering granite ring
128329 | Tomb:3   | Identified the ring of Deczoini {Int+2 Stlth+} (You found it on level 3 of the Tomb of the Ancients)
128765 | D:15     | Bought a book of Burglary for 1425 gold pieces
128768 | D:15     | Learned a level 2 spell: Swiftness
128947 | Zot:5    | Noticed an ancient lich
128949 | Zot:5    | Killed an ancient lich
129098 | Zot:5    | Got the Orb of Zot
129828 | D:$      | Escaped with the Orb!

Skill      XL: |  1  2  3  4  5  6  7  8  9 10 11 12 13 14 15 16 17 18 19 20 21 22 23 24 25 26 27 |
---------------+----------------------------------------------------------------------------------+-----
Shields        | 4 5 6 7 9 10 12 13 14 15 17 21 27 | 27.0
Fighting       | 4 5 6 7 9 10 12 13 14 15 16 18 19 20 21 23 24 25 27 | 27.0
Maces & Flails | 3 4 5 6 8 9 11 12 13 15 16 20 | 20.8
Invocations    | 3 5 7 9 10 11 27 | 27.0
Dodging        | 2 4 6 7 9 10 11 12 13 14 27 | 27.0
Armour         | 4 6 8 10 12 13 14 15 16 17 18 27 | 27.0
Spellcasting   | 22 | 22.1
Throwing       | 16 | 16.0
Translocations | 25 | 25.6

Action                   |  1- 3 |  4- 6 |  7- 9 | 10-12 | 13-15 | 16-18 | 19-21 | 22-24 | 25-27 || total
-------------------------+-------+-------+-------+-------+-------+-------+-------+-------+-------++-------
Melee: Flail             |   154 |   198 |   579 |  1015 |   954 |       |       |       |       ||  2900
       Eveningstar       |       |       |       |       |   825 |  1425 |  1879 |  1521 | 12291 || 17941
 Cast: Controlled Blink  |       |       |       |       |       |       |       |       |     8 ||     8
       Blink             |       |       |       |       |       |       |       |       |     2 ||     2
       Apportation       |       |       |       |       |       |       |       |       |     1 ||     1
Invok: Heroism           |       |       |       |    21 |    36 |    11 |     5 |     2 |     5 ||    80
       Finesse           |       |       |       |       |     4 |    11 |    11 |     9 |    19 ||    54
       Cleansing Flame   |       |       |       |       |       |       |       |       |   149 ||   149
       Recite            |       |       |       |       |       |       |       |       |    16 ||    16
       Sanctuary         |       |       |       |       |       |       |       |       |    14 ||    14
       Vitalisation      |       |       |       |       |       |       |       |       |    11 ||    11
       Summon Divine War |       |       |       |       |       |       |       |       |     2 ||     2
       Donate Gold       |       |       |       |       |       |       |       |       |     1 ||     1
       Divine Shield     |       |       |       |       |       |       |       |       |     1 ||     1
       Brand Weapon With |       |       |       |       |       |       |       |       |     1 ||     1
 Abil: Fly               |       |       |       |       |     1 |       |       |       |       ||     1
Evoke: Wand              |       |       |     3 |       |    26 |       |       |     1 |    32 ||    62
  Use: Scroll            |     4 |     1 |    15 |     6 |     8 |    10 |     8 |    15 |   113 ||   180
       Potion            |     1 |     1 |     1 |     5 |     2 |     1 |       |     2 |    76 ||    89
 Stab: Paralysed         |       |       |       |       |       |       |       |       |     4 ||     4
       Distracted        |       |       |       |       |       |       |       |       |     1 ||     1
       Confused          |       |       |       |       |       |       |       |       |     1 ||     1
  Eat: Chunk             |     4 |     5 |    15 |    15 |    21 |    17 |    10 |    14 |    18 ||   119
       Ration            |       |       |     1 |     3 |     4 |     3 |     5 |     5 |    91 ||   112
Armor: Scale mail        |   117 |       |       |       |       |       |       |       |       ||   117
       Chain mail        |    23 |   130 |   351 |       |       |       |       |       |       ||   504
       Plate armour      |       |       |    52 |   610 |       |       |       |       |       ||   662
       Crystal plate arm |       |       |       |    51 |   961 |   726 |   689 |   517 |   251 ||  3195
       Gold dragon scale |       |       |       |       |       |       |       |       |  2045 ||  2045
Dodge: Dodged            |    82 |    40 |   134 |   211 |   348 |   415 |   506 |   466 |  3159 ||  5361
Block: Shield            |    99 |   106 |   386 |   717 |  1576 |  1265 |  1180 |  1304 |   178 ||  6811
       Reflection        |       |       |       |       |       |       |       |    86 |   482 ||   568
       Large shield      |       |       |       |       |       |       |       |       | 16152 || 16152
